 Dungeon Crawl Stone Soup version 0.28.0-43-g3370ac3207 (webtiles) character file.

Game seed: 4590585574804675557

185 safid the Chopper (level 5, -6/46 HPs)
             Began as a Hill Orc Fighter on Mar 6, 2022.
             Killed from afar by an orc wizard (8 damage)
             ... with a puff of flame
             ... on level 2 of the Dungeon.
             The game lasted 00:04:27 (3469 turns).

safid the Chopper (Hill Orc Fighter)                Turns: 3469, Time: 00:04:28

Health: -6/46      AC:  9    Str: 21    XL:     5   Next: 64%
Magic:  5/5        EV:  9    Int:  8    God:
Gold:   52         SH:  4    Dex: 10    Spells: 4/4 levels left

rFire   . . .      SeeInvis .   a - +0 war axe
rCold   . . .      Faith    .   c - +0 buckler
rNeg    . . .      Spirit   .   b - +0 scale mail
rPois   .          Reflect  .   s - +0 helmet
rElec   .          Harm     .   n - +0 cloak
rCorr   .          Rampage  .   (no gloves)
Will    .....                   (no boots)
Stlth   ..........              (no amulet)
HPRegen 0.15/turn               (no ring)
MPRegen 0.09/turn               (no ring)

@: no status effects
A: no striking features
a: no special abilities


You were on level 2 of the Dungeon.
You visited 1 branch of the dungeon, and saw 3 of its levels.

You collected 52 gold pieces.

Inventory:

Hand Weapons
 a - a +0 war axe (weapon)
Armour
 b - a +0 scale mail (worn)
 c - a +0 buckler (worn)
 n - a +0 cloak (worn)
 s - a +0 helmet (worn)
Jewellery
 l - a ring of magical power
 r - a ring of protection from fire
Scrolls
 j - a scroll of fear {unknown}
 k - a scroll of torment {unknown}
 m - 2 scrolls of identify {unknown}
 p - 2 scrolls of teleportation {unknown}
 q - a scroll of vulnerability {unknown}
Potions
 d - 2 potions of might
 e - a potion of curing
 f - a potion of degeneration {unknown}
 g - a potion of resistance {unknown}
 h - a potion of flight {unknown}
 i - 2 potions of lignification {unknown}
 o - a potion of ambrosia {unknown}


   Skills:
 - Level 4.0 Fighting
 + Level 6.2 Axes
 - Level 4.0 Armour
 - Level 4.0 Shields


You had 4 spell levels left.
You didn't know any spells.
Your spell library contained the following spells:

 Spells                   Type           Power      Damage    Failure   Level
 Corpse Rot               Necr/Air       0%         N/A       92%         2
 Ozocubu's Armour         Ice            0%         N/A       99%         3
 Metabolic Englaciation   Hex/Ice        0%         N/A       100%        5
 Simulacrum               Ice/Necr       0%         N/A       100%        6


Dungeon Overview and Level Annotations

Branches:
Dungeon (3/15)

Altars:
Ashenzari
Gozag
Makhleb
Ru
Wu Jian
Yredelemnul
Zin
The Shining One

Annotations:
D:2 1 runed translucent door, Crazy Yiuf


Message History

You feel less confused.
There is a stone staircase leading down here.
You start resting.
Something hits you.
* * * LOW HITPOINT WARNING * * *
Deactivating autopickup; reactivate with Ctrl-A.
You closely miss something.
You hear some strange, mumbled words.
Something tries to affect you, but you resist.
You miss something. Something hits you.
* * * LOW HITPOINT WARNING * * *
You miss something. Something hits you.
* * * LOW HITPOINT WARNING * * *
You hear some strange, mumbled words.
Something tries to affect you, but you resist.
You closely miss something. Something hits you but does no damage.
You miss something. Something hits you but does no damage.
You miss something. Something hits you but does no damage.
You miss something. Something hits you but does no damage.
You miss something. Something hits you.
* * * LOW HITPOINT WARNING * * *
Something hits you.
* * * LOW HITPOINT WARNING * * *
Okay, then.
It was a potion of curing.
You feel better. Something hits you but does no damage.
You closely miss something.
You hear some strange, mumbled words.
A puff of flame appears from out of thin air!
The puff of flame hits you.
* * * LOW HITPOINT WARNING * * *
You closely miss something. Something hits you but does no damage.
You miss something.
You hear some strange, mumbled words.
A puff of flame appears from out of thin air!
The puff of flame misses you.
You barely miss something.
You hear some strange, mumbled words.
A puff of flame appears from out of thin air!
The puff of flame hits you!
You die...

#........##.###.###########
#.............#............
###'###.......#############
#.###.......##.........##
###...#........+.........##
#..............#.........##
#..............#.........##
#..............#.........##
#.........@{...#.........##
#..............#.........##
#......######....##....####
#......######....##....# #
###'#.......'.([)#.....# #
#.#.#######))..#.....# #
#.#.# #))))#.....#### #.#.#
##)###......... #.#.# #.#
##########


There were no monsters in sight!

Vanquished Creatures
  Jessica (D:2)
  Robin (D:2)
  7 gnolls (D:3)
  A worm (D:2)
  A dart slug (D:2)
  6 orcs
  6 endoplasms
  4 giant cockroaches
  11 goblins
  5 hobgoblins
  4 jackals (D:1)
  4 quokkas
  A ball python (D:2)
  8 bats
  3 frilled lizards
  6 kobolds
  A rat (D:3)
70 creatures vanquished.

Notes
Turn   | Place    | Note
-------+----------+-------------------------------------------
     0 | D:1      | safid the Hill Orc Fighter began the quest for the Orb.
     0 | D:1      | Reached XP level 1. HP: 19/19 MP: 1/1
   265 | D:1      | Reached skill level 3 in Axes
   265 | D:1      | Reached XP level 2. HP: 27/27 MP: 2/2
   815 | D:1      | Reached XP level 3. HP: 19/33 MP: 3/3
  1018 | D:1      | Found a glowing golden altar of the Shining One.
  1326 | D:2      | Noticed Robin
  1345 | D:2      | HP: 1/33 [Robin/+0 trident (3)]
  1346 | D:2      | Killed Robin
  1347 | D:2      | Reached XP level 4. HP: 2/40 MP: 4/4
  1803 | D:2      | Reached skill level 4 in Axes
  1922 | D:2      | Noticed Jessica
  1928 | D:2      | Killed Jessica
  2002 | D:2      | Got Jessica's Compendium of Unholy Arts
  2139 | D:2      | Found a runed translucent door.
  2140 | D:2      | Noticed Crazy Yiuf
  2444 | D:3      | Found an opulent altar of Gozag.
  2445 | D:3      | Found a broken altar of Ashenzari.
  2448 | D:3      | Found an ornate altar of the Wu Jian Council.
  2448 | D:3      | Found a glowing silver altar of Zin.
  2448 | D:3      | Found a burning altar of Makhleb.
  2450 | D:3      | Found a basalt altar of Yredelemnul.
  2451 | D:3      | Found a sacrificial altar of Ru.
  2457 | D:3      | Reached skill level 5 in Axes
  2457 | D:3      | Reached XP level 5. HP: 31/46 MP: 5/5
  2845 | D:3      | Reached skill level 6 in Axes
  3464 | D:2      | HP: 2/46 [something (2)]
  3469 | D:2      | Killed from afar by an orc wizard

Illustrated notes

Levels and vault maps discovered:
D:1:      sevenhm_arrival_forest_fort_small_6, layout_loops_ring,
          minmay_misc_feat_enclosed
D:2:      layout_basic, kennysheep_jessica_study, uniq_robin,
          uniq_crazy_yiuf_cottage
D:3:      layout_rooms, kb_xom_exploding_sheep, grunt_temple_overflow_open,
          ebering_ecumenical_altar_webs, uniq_jessica

Skill      XL: |  1  2  3  4  5 |
---------------+----------------+-----
Axes           | 3 5 6 |  6.2
Fighting       | 4 |  4.0
Armour         | 4 |  4.0
Shields        | 4 |  4.0

Action                   |  1- 3 |  4- 6 || total
-------------------------+-------+-------++-------
Melee: War axe           |    94 |   108 ||   202
  Use: Potion            |       |     1 ||     1
Armor: Scale mail        |    56 |    66 ||   122
Dodge: Dodged            |    56 |    93 ||   149
Block: Buckler           |    29 |    31 ||    60
